 Dungeon Sprint DCSS version 0.28-a0-863-g8cecda6153 (webtiles) character file.

Game seed: 8187037700568467745

645 kae the Covert (level 7, 0/37 HPs)
             Began as a Spriggan Enchanter on Nov 18, 2021.
             Was an Initiate of Dithmenos.
             Killed by nerve-wracking pain
             ... invoked by a shadow imp
             ... summoned by a kobold demonologist
              (11 damage)
             ... in the Dungeon (Sprint I: "Red Sonja").
             The game lasted 00:00:51 (235 turns).

kae the Covert (Spriggan Enchanter)                  Turns: 235, Time: 00:00:52

Health: 0/37       AC:  2    Str:  6    XL:     7   Next: 27%
Magic:  13/20      EV: 22    Int: 16    God:    Dithmenos [......]
Gold:   355        SH:  0    Dex: 16    Spells: 12/23 levels left

rFire   . . .      SeeInvis +   c - +5 dagger (venom)
rCold   . . .      Faith    .   (shield restricted)
rNeg    . . .      Spirit   .   b - +0 robe
rPois   .          Reflect  .   (helmet restricted)
rElec   .          Harm     .   (no cloak)
rCorr   .          Rampage  .   (gloves unavailable)
Will    +....      NoTele   +   (boots unavailable)
Stlth   +++++.....              (no amulet)
HPRegen 0.12/turn               (no ring)
MPRegen 0.17/turn               (no ring)

@: very slightly contaminated, very quick
A: very small, no large weapons, unfitting armour, see invisible, speed 3
a: Renounce Religion


You were in the Dungeon.
You worshipped Dithmenos.
Dithmenos was noncommittal.
You visited 1 branch You collected 355 gold pieces.

Inventory:

Hand Weapons
 a - a +1 dagger
 c - a +5 dagger of venom (weapon)
Armour
 b - a +0 robe (worn)
Jewellery
 k - a +6 ring of dexterity
Wands
 j - a wand of paralysis (7)
Scrolls
 i - a scroll of blinking
Potions
 d - a potion of curing
 e - a potion of heal wounds
 f - a potion of haste
 g - 2 potions of magic
 h - a potion of berserk rage


   Skills:
 + Level 4.1 Fighting
 + Level 7.6 Short Blades
 + Level 9.1 Dodging
 + Level 11.2 Stealth
 + Level 8.5 Spellcasting
 + Level 8.7 Hexes


You had 12 spell levels left.
You knew the following spells:

 Your Spells              Type           Power      Damage    Failure   Level
a - Ensorcelled Hibernat  Hex/Ice        40%        N/A       2%          2
b - Confusing Touch       Hex            34%        N/A       1%          3
c - Tukima's Dance        Hex            34%        N/A       1%          3
d - Dazzling Flash        Conj/Hex       40%        N/A       5%          3

Your spell library contained the following spells:

 Spells                   Type           Power      Damage    Failure   Level


Dungeon Overview and Level Annotations

Branches:
Dungeon (1/1)

Altars:
Cheibriados
Dithmenos
Elyvilon
Fedhas
Gozag
Hepliaklqana
Kikubaaqudgha
Makhleb
Nemelex Xobeh
Okawaru
Qazlal
Ru
Sif Muna
Trog
Uskayaw
Vehumet
Wu Jian
Xom
Yredelemnul
Zin
The Shining One
Jiyva
Lugonu

Shops:
D (


Innate Abilities, Weirdness & Mutations

You are very small and have problems with some larger weapons.
You are too small for most types of armour.
You have supernaturally acute eyesight. (SInv)
You cover ground extremely quickly. (Speed+++)


Message History

Casting: Ensorcelled Hibernation (safe; 2% risk of failure)
Confirm with . or Enter, or press ? or * to list all spells.
You miscast Confusing Touch.
You are very lightly contaminated with residual magic.
Nothing appears to happen.
The kobold demonologist hits you with a +0 dagger.
You hit the kobold demonologist but do no damage.
The kobold demonologist is lightly wounded.
You barely miss the kobold demonologist.
The kobold demonologist is lightly wounded.
The kobold demonologist gestures wildly while chanting.
Casting: Confusing Touch (safe; 1% risk of failure)
Confirm with . or Enter, or press ? or * to list all spells.
Your hands begin to glow red.
The kobold demonologist casts a spell.
The ufetubus closely misses you. The ufetubus hits you.
The kobold demonologist hits you but does no damage.
You hit the kobold demonologist but do no damage.
The kobold demonologist appears confused.
The kobold demonologist is lightly wounded.
The chaos spawn gores you! The ufetubus hits you. x2
You hit the kobold demonologist.
The kobold demonologist looks even sicker.
The kobold demonologist is lightly wounded.
The ufetubus misses you. The ufetubus hits you.
* * * LOW HITPOINT WARNING * * *
The chaos spawn completely misses you.
You hit the kobold demonologist but do no damage.
The kobold demonologist looks as sick as possible!
The kobold demonologist is lightly wounded.
The ufetubus closely misses you. The ufetubus misses you.
The chaos spawn misses you. The ufetubus hits you.
* * * LOW HITPOINT WARNING * * *
The ufetubus closely misses you.
You hit the kobold demonologist.
The kobold demonologist looks as sick as possible!
The kobold demonologist is moderately wounded.
The shadow imp gestures at you. Pain shoots through your body!
You die...

##########################
#<.#.['..#..'..#4_#..'...#
#..'..#.)').#..5@5K..#.G.#
#..#####+#####'#5_####K..+
#..#### #...#.#### ####
#..#__####..##.#
#..#_____##'#_.+
#⌠⌠#_.∩...'..._#
####_..__##_.#'#
#_____###+#.# ####### ###


You could see a kobold demonologist (confused, extremely poisoned), a chaos
spawn (summoned), a shadow imp (summoned) and 2 ufetubi.

Vanquished Creatures
  A slime creature (D)
  Sigmund (D)
  A yak (D)
  An ogre (D)
  A jelly (D)
  Ijyb (D)
6 creatures vanquished.

Notes
Turn   | Place    | Note
-------+----------+-------------------------------------------
     0 | D        | kae the Spriggan Enchanter began the quest for the Orb.
     0 | D        | Reached XP level 1. HP: 9/9 MP: 5/5
     2 | D        | Noticed Ijyb
     6 | D        | Killed Ijyb
     7 | D        | Reached skill level 5 in Stealth
     7 | D        | Reached XP level 2. HP: 13/13 MP: 6/8
    10 | D        | Noticed an ogre
    13 | D        | Killed an ogre
    14 | D        | Reached skill level 5 in Dodging
    14 | D        | Reached skill level 7 in Stealth
    14 | D        | Reached skill level 5 in Spellcasting
    14 | D        | Reached XP level 3. HP: 16/16 MP: 7/11
    14 | D        | Reached XP level 4. HP: 21/21 MP: 7/12
    15 | D        | Noticed Sigmund
    21 | D        | Killed Sigmund
    22 | D        | Reached skill level 9 in Stealth
    22 | D        | Reached XP level 5. HP: 19/27 MP: 9/15
    22 | D        | Reached XP level 6. HP: 22/32 MP: 9/16
    34 | D        | Found an ornate altar of the Wu Jian Council.
    34 | D        | Found a shimmering blue altar of Sif Muna.
    36 | D        | Found a radiant altar of Vehumet.
   121 | D        | Learned a level 2 spell: Ensorcelled Hibernation
   125 | D        | Learned a level 3 spell: Confusing Touch
   129 | D        | Learned a level 3 spell: Tukima's Dance
   133 | D        | Learned a level 3 spell: Dazzling Flash
   135 | D        | Found Fanap's Antique Weapon Emporium.
   135 | D        | Found an ancient bone altar of Kikubaaqudgha.
   135 | D        | Found a hazy altar of Hepliaklqana.
   135 | D        | Found a stormy altar of Qazlal.
   135 | D        | Found a hide-covered altar of Uskayaw.
   135 | D        | Found a blossoming altar of Fedhas.
   135 | D        | Found a bloodstained altar of Trog.
   135 | D        | Found an iron altar of Okawaru.
   135 | D        | Found a basalt altar of Yredelemnul.
   135 | D        | Found a glowing golden altar of the Shining One.
   135 | D        | Found a snail-covered altar of Cheibriados.
   135 | D        | Found a sacrificial altar of Ru.
   135 | D        | Found a glowing silver altar of Zin.
   135 | D        | Found a shadowy altar of Dithmenos.
   135 | D        | Found a white marble altar of Elyvilon.
   135 | D        | Noticed a yak
   136 | D        | Found an opulent altar of Gozag.
   137 | D        | Killed a yak
   138 | D        | Reached skill level 10 in Stealth
   152 | D        | Found a sparkling altar of Nemelex Xobeh.
   158 | D        | Became a worshipper of Dithmenos the Shadowed
   181 | D        | Found a viscous altar of Jiyva.
   181 | D        | Found a corrupted altar of Lugonu.
   181 | D        | Noticed a slime creature
   182 | D        | Found a burning altar of Makhleb.
   182 | D        | Found a shimmering altar of Xom.
   184 | D        | Killed a slime creature
   185 | D        | Reached skill level 11 in Stealth
   185 | D        | Reached XP level 7. HP: 37/37 MP: 18/20
   200 | D        | Noticed a kobold demonologist
   201 | D        | Noticed a kobold demonologist
   229 | D        | Noticed a chaos spawn
   235 | D        | Killed from afar by a shadow imp

Illustrated notes

Levels and vault maps discovered:
D:        dungeon_sprint_1 [red_sonja_temple_1, red_sonja_temple_small_1]

Skill      XL: |  1  2  3  4  5  6 |
---------------+-------------------+-----
Short Blades   | 2 4 6 7 |  7.6
Dodging        | 4 5 7 9 |  9.1
Stealth        | 5 7 9 11 | 11.2
Spellcasting   | 4 5 6 8 |  8.5
Hexes          | 4 6 7 8 |  8.7
Fighting       | 2 4 |  4.1

Action                   |  1- 3 |  4- 6 |  7- 9 || total
-------------------------+-------+-------+-------++-------
Melee: Dagger            |     3 |     8 |     7 ||    18
 Cast: Confusing Touch   |       |       |     1 ||     1
       Ensorcelled Hiber |       |       |     1 ||     1
  Use: Potion            |     1 |       |       ||     1
 Stab: Sleeping          |     2 |     3 |       ||     5
       Invisible         |     1 |     1 |       ||     2
Armor: Robe              |       |       |     1 ||     1
Dodge: Dodged            |     1 |     2 |     9 ||    12

Table legend: (Time is in decaauts)
 A = Elapsed time spent in this place.
 B = Non-inter-level travel time spent in this place.
 C = Inter-level travel time spent in this place.
 D = Time resting spent in this place.
 E = Time spent auto-exploring this place.
 F = Levels seen in this place.
 G = Mean time per level.
                   A        B        C        D        E       F      G
               +--------+--------+--------+--------+--------+-----+--------+
         Total |    199 |    199 |      0 |     87 |      0 |   1 |  199.0 |
       Dungeon |    199 |    199 |      0 |     87 |      0 |   1 |  199.0 |
               +--------+--------+--------+--------+--------+-----+--------+

Top non-repeatable levels by time:
       D: 199 daAuts
